 Dungeon Crawl Stone Soup version 0.30-a0-305-g026cb31310 (webtiles) character file.

Game seed: 15072406806618871570

66623 910rd the Warrior (level 14, -7/144 HPs)
             Began as an Armataur Fighter on Oct 20, 2022.
             Was a High Priest of Nemelex Xobeh.
             Mangled by a spriggan rider
             ... wielding a +1 vorpal trident
              (15 damage)
             ... on level 5 of the Lair of Beasts on Oct 22, 2022.
             The game lasted 01:22:15 (24164 turns).

910rd the Warrior (Armataur Fighter)               Turns: 24164, Time: 01:22:16

Health: -7/144     AC: 20    Str: 31    XL:     14   Next: 79%
Magic:  23/23      EV:  5    Int:  9    God:    Nemelex Xobeh [*****.]
Gold:   560        SH:  4    Dex: 11    Spells: 13/13 levels left

rFire   . . .      SeeInvis .    x - +8 hammer of the Median {spect, +Blink rC+}
rCold   + . .      Faith    .    c - +0 buckler
rNeg    + . .      Spirit   .    v - +0 crystal plate armour
rPois   +          Reflect  .    J - +0 helmet
rElec   .          Harm     .    Y - +0 cloak "Ashaidd" {rN+}
rCorr   .          Roll     +    P - +0 pair of gloves
Will    +....                    (no barding)
Stlth   ..........               (no amulet)
HPRegen 0.44/turn                R - ring of poison resistance
MPRegen 0.18/turn                T - +6 ring of strength

@: lethally poisoned (-7 -> -8)
A: large, rugged brown scales 3, deformed body, armoured tail, roll, long
tongue, awkward tongue
a: Renounce Religion, Evoke Blink, Draw Escape, Draw Destruction, Draw
Summoning, Triple Draw, Deal Four, Stack Five


You were on level 5 of the Lair of Beasts.
You worshipped Nemelex Xobeh.
Nemelex Xobeh was extremely pleased with you.
You visited 3 branches of the dungeon, and saw 18 of its levels.
You also visited: Ossuary and Gauntlet.

You collected 1210 gold pieces.
You spent 650 gold pieces at shops.

Inventory:

Hand Weapons
 h - a +6 flail of flaming
 q - the +7 morningstar of the Transmuting Rat {venom, *Slow Str+5}
   (You took it off a minotaur in a Gauntlet)

   It poisons the flesh of those it strikes.
   Str:       It affects your strength (+5).
   *Slow:     It may slow you when you take damage.
 x - the +8 hammer of the Median (weapon) {spect, +Blink rC+}
   (You found it on level 5 of the Dungeon)

   When its wielder attacks, the weapon's spirit leaps out and strikes again.
   The spirit shares a part of any damage it takes with its wielder.
   rC:        It protects you from cold.
   +Blink:    It lets you blink.
 Z - a +0 morningstar
Missiles
 o - 4 atropa-tipped darts
 r - 31 poisoned darts
 H - 8 boomerangs (quivered)
 I - 11 javelins
Armour
 c - a +0 buckler (worn)
 i - +0 acid dragon scales
 t - a +3 leather armour of willpower
 v - a +0 crystal plate armour (worn)
 y - a +1 plate armour of cold resistance
 J - a +0 helmet (worn)
 K - a +2 robe of cold resistance
 P - a +0 pair of gloves (worn)
 V - a +0 troll leather armour
 Y - the +0 cloak "Ashaidd" (worn) {rN+}
   (You found it in a Gauntlet)

   rN:        It protects you from negative energy.
Jewellery
 u - a ring of flight
 A - the ring of Katoc {rF+ Stlth+}
   (You found it on level 5 of the Lair of Beasts)

   [ring of protection from fire]

   rF:        It protects you from fire.
   Stlth:     It makes you more stealthy.
 C - the ring "Vuqoofer" {Wiz Dex+7}
   (You found it on level 3 of the Lair of Beasts)

   [ring of wizardry]

   It improves your spell success rate.
   Dex:       It affects your dexterity (+7).
 R - a ring of poison resistance (left hand)
 T - a +6 ring of strength (right hand)
Wands
 n - a wand of iceblast (6)
 L - a wand of charming (6)
 N - a wand of flame (46)
 W - a wand of mindburst (8)
Scrolls
 a - 2 scrolls of brand weapon
 g - 6 scrolls of poison
 j - 4 scrolls of enchant armour
 l - 4 scrolls of blinking
 s - 12 scrolls of teleportation
 w - a scroll of summoning
 z - 2 scrolls of magic mapping
 B - 3 scrolls of silence
 D - 2 scrolls of butterflies
 M - 2 scrolls of fear
 Q - a scroll of immolation
 U - a scroll of acquirement
Potions
 d - 3 potions of might
 e - a potion of curing
 f - 3 potions of resistance
 k - 3 potions of mutation
 m - 2 potions of haste
 p - a potion of cancellation
 E - a potion of lignification
 F - a potion of flight
 G - 3 potions of magic
 O - 4 potions of attraction
 X - 2 potions of ambrosia
Miscellaneous
 b - a tin of tremorstones (inert)
 S - a condenser vane (inert)


   Skills:
 - Level 15.0 Fighting
 + Level 12.8 Maces & Flails
 - Level 2.0 Throwing
 - Level 10.0 Armour
 - Level 6.0 Dodging
 - Level 4.0 Shields
 - Level 12.0 Invocations


You had 13 spell levels left.
You didn't know any spells.
Your spell library contained the following spells:

 Spells                   Type           Power      Damage    Failure   Level
 Foxfire                  Conj/Fire      0%         2x1d4     100%        1
 Sandblast                Erth           0%         2d4       100%        1
 Summon Small Mammal      Summ           0%         N/A       100%        1
 Passwall                 Tmut/Erth      0%         N/A       100%        2
 Sublimation of Blood     Necr           0%         N/A       100%        2
 Wereblood                Tmut           0%         N/A       100%        2
 Call Canine Familiar     Summ           0%         N/A       100%        3
 Gell's Gravitas          Tloc           0%         N/A       100%        3
 Ozocubu's Armour         Ice            0%         N/A       100%        3
 Stone Arrow              Conj/Erth      0%         3d7       100%        3
 Summon Guardian Golem    Hex/Summ       0%         N/A       100%        3
 Teleport Other           Tloc           0%         N/A       100%        3
 Tukima's Dance           Hex            0%         N/A       100%        3
 Vhi's Electric Charge    Tloc/Air       0%         N/A       100%        3
 Passage of Golubria      Tloc           0%         N/A       100%        4
 Arcjolt                  Conj/Air       0%         1d10      100%        5
 Fireball                 Conj/Fire      0%         3d3       100%        5
 Metabolic Englaciation   Hex/Ice        0%         N/A       100%        5
 Yara's Violent Unravell  Hex/Tmut       0%         3d3       100%        5
 Dispersal                Tloc           0%         N/A       100%        6
 Simulacrum               Ice/Necr       0%         N/A       100%        6
 Starburst                Conj/Fire      0%         6d3       100%        6
 Orb of Destruction       Conj           0%         9d5       100%        7
 Spellforged Servitor     Conj/Summ      0%         N/A       100%        7
 Summon Hydra             Summ           0%         N/A       100%        7
 Maxwell's Capacitive Co  Air            0%         ∞         100%        8


Dungeon Overview and Level Annotations

Branches:
Dungeon (12/15) Zot: 25015  Temple (1/1) D:6 Zot: 5985    Lair (5/5) D:11 Zot: 20435
 Shoals (0/4) Lair:3       Spider (0/4) Lair:3        Slime (0/5) Lair:5
    Orc (0/2) D:10        Ossuary (visited)         Gauntlet (visited)

Altars:
Ashenzari
Dithmenos
Elyvilon
Fedhas
Hepliaklqana
Kikubaaqudgha
Makhleb
Nemelex Xobeh
Qazlal
Ru
Sif Muna
Trog
Uskayaw
Wu Jian
Xom
Yredelemnul
Zin
The Shining One
Jiyva

Shops:
D:1 [   D:2 [   D:9 *

Annotations:
Lair:4 exclusion: 3 oklob plants
Lair:5 1 transporter


Innate Abilities, Weirdness & Mutations

You are completely covered in rugged brown scales. (AC +3, +7% HP)
Armour fits poorly on your strangely shaped body.
You have a long armoured tail.
You roll when moving toward enemies. (Rampage)
Your long tongue fully drains potion bottles. (2x potion effects)
Your tongue gives you trouble enunciating. (1.5x scroll delay)


Message History

You feel sick.
You are more poisoned.
You hear a shout! x2
Knorpule3000's ghost points at you and mumbles some strange words.
The ball explodes into a vile cloud!
The stinking cloud engulfs you but does no damage.
The stinking cloud engulfs knorpule3000's ghost but does no damage.
You take 1 damage, and have 72/144 hp.
You sock knorpule3000's ghost!
You destroy knorpule3000's ghost!
You feel very sick.
You hear a shout! x2
You take 3 damage, and have 69/144 hp.
You feel sick.
You take 1 damage, and have 68/144 hp.
You start resting.
You feel sick.
You hear a shout!
You feel sick.
You hear a shout! x2
You feel sick.
A spriggan rider is nearby!
You take 4 damage, and have 64/144 hp.
Aiming: Mindburst
Press: ? - help, Shift-Dir - straight line, f - spriggan rider
Aim: a spriggan rider, wielding a +1 vorpal trident and wearing a +1 robe (lightly wounded, berserk, chance to affect: 6%)
The spriggan rider resists with almost no effort.
You feel sick.
The spriggan rider hits you from afar with a +1 vorpal trident!
* * * LOW HITPOINT WARNING * * *
x2 The spriggan rider hits you from afar with a +1 vorpal trident!!
* * * LOW HITPOINT WARNING * * *
x2 You take 56 damage, and have 8/144 hp.
MASSIVE DAMAGE!!
Okay, then.
You draw a card...
You have drawn Wild Magic.
The spriggan rider's body twists unnaturally.
The spriggan rider twists and deforms.
You feel a surge of magic.
You feel sick.
The spriggan rider hits you from afar with a +1 vorpal trident!
You die...
Your body disappears without a glow.

#P...###.i#iW.##...##....#.#.#
##....#.####.i..#..#...........
#....##.##≈#...°##..#..#.......
##...#...#...y..○#....###......
###..©#....:_...)©#©...#
####.#.
#..#..#...#...§#).#..### ####
###.#.##.#≈#.###)##....####
###..#####.i..##......#.##
#..###.....@##.......#.#####
#...###...###...............
##....#####......#..........
###...........####..........
#.........!..## ##.#.####.#
###P###....### ##### ### ###
###### #


You could see a spriggan rider (berserk, misshapen).

Vanquished Creatures
  The ghost of knorpule3000 the Black Sun, a journeyman NaVM of Kikubaaqudgha (Lair:5)
  A minotaur (Gauntlet)
  4 hydras
  Erolcha (D:11)
  A catoblepas (Lair:5)
  A death knight (D:11)
  A boulder beetle (Lair:3)
  13 death yaks
  A fire crab (Lair:3)
  A sixfirhy (D:11)
  Pikel (D:8)
  A glowing orange brain (Gauntlet)
  A phantasmal warrior (D:10)
  A lindwurm (Lair:5)
  A necromancer (Gauntlet)
  An ugly thing (D:11)
  3 manticores
  A cyclops (D:11)
  24 elephants
  Maurice (D:11)
  A moth of wrath (Lair:5)
  8 black mambas
  4 molten gargoyles (D:10)
  Joseph (D:7)
  A smoke demon (Gauntlet)
  18 cane toads
  A torpor snail (Lair:5)
  4 rime drakes (Lair:5)
  3 freezing wraiths
  A kobold demonologist (D:9)
  An ice devil (D:11)
  2 unseen horrors
  11 komodo dragons
  A red devil (Gauntlet)
  2 trolls
  2 hornets
  3 polar bears
  A wind drake (Lair:3)
  A slime creature (Lair:5)
  Grinder (D:5)
  15 blink frogs
  Prince Ribbit (D:7)
  A dream sheep (Lair:5)
  4 spriggans (Lair:5)
  A ynoxinul (D:11)
  3 wraiths
  4 wyverns
  35 yaks
  4 basilisks
  A chaos spawn (D:11)
  3 redbacks (Lair:3)
  Edmund (D:5)
  2 acid dragons (D:11)
  15 water moccasins
  An ice beast (D:4)
  3 orc warriors
  2 sky beasts (D:7)
  3 ogres
  8 centaurs
  11 wolves
  2 kobold brigands (D:9)
  2 gnoll sergeants (D:10)
  6 necrophages
  15 bullfrogs
  2 scorpions
  10 killer bees
  3 howler monkeys
  2 electric eels (Lair:1)
  5 crimson imps
  A lava snake (D:10)
  3 hounds
  4 quasits (D:11)
  6 orc priests
  4 jellies
  Crazy Yiuf (D:5)
  4 iguanas
  11 orc wizards
  A killer bee zombie (D:6)
  12 mummies (Ossuary)
  6 adders
  10 gnolls
  A river rat (Lair:2)
  A white imp (D:7)
  2 ufetubi
  5 worms
  3 dart slugs
  38 orcs
  A bat (D:1)
  5 endoplasms
  4 giant cockroaches
  5 goblins
  A jackal (D:2)
  21 kobolds
  5 quokkas
  9 ball pythons
  3 frilled lizards
  5 gnoll skeletons (Ossuary)
  A kobold skeleton (Ossuary)
  2 orc skeletons (Ossuary)
  5 rats
  11 rat skeletons (Ossuary)
483 creatures vanquished.

Vanquished Creatures (collateral kills)
  A hydra (Lair:5)
  A boulder beetle (Lair:3)
  A guardian serpent (shapeshifter) (D:12)
  A rime drake (Lair:3)
  A polar bear (Lair:5)
  A blink frog (Lair:5)
  A yak (Lair:3)
  A killer bee (D:7)
  A jelly (Lair:5)
9 creatures vanquished.

Vanquished Creatures (others)
  3 killer bees
  3 bushes (D:6)
  7 demonic plants
  49 fungi
  55 plants
117 creatures vanquished.

Grand Total: 609 creatures vanquished

Notes
Turn   | Place    | Note
-------+----------+-------------------------------------------
     0 | D:1      | 910rd the Armataur Fighter began the quest for the Orb.
     0 | D:1      | Reached XP level 1. HP: 19/19 MP: 1/1
    71 | D:1      | Found Isaygott's Antique Armour Shoppe.
   180 | D:1      | Reached XP level 2. HP: 20/26 MP: 2/2
   750 | D:2      | Reached XP level 3. HP: 17/32 MP: 3/3
   895 | D:2      | Found Uthaem's Armour Emporium.
  1367 | D:2      | Reached XP level 4. HP: 27/39 MP: 4/4
  2102 | D:3      | Reached XP level 5. HP: 28/44 MP: 5/5
  2334 | D:3      | Reached skill level 5 in Maces & Flails
  2427 | D:3      | Found a shimmering blue altar of Sif Muna.
  2789 | D:4      | Noticed an ice beast
  2806 | D:4      | Found a sand-covered staircase.
  2810 | Ossuary  | Entered an ossuary
  2930 | Ossuary  | Reached XP level 6. HP: 42/53 MP: 6/6
  3171 | Ossuary  | Reached skill level 3 in Fighting
  3493 | D:4      | Killed an ice beast
  3494 | D:4      | Reached skill level 4 in Fighting
  3590 | D:4      | Reached XP level 7. HP: 26/64 MP: 7/7
  3646 | D:4      | Reached skill level 5 in Fighting
  3856 | D:5      | Entered Level 5 of the Dungeon
  4134 | D:5      | Noticed Grinder
  4136 | D:5      | Paralysed by Grinder for 2 turns
  4154 | D:5      | Paralysed by Grinder for 3 turns
  4163 | D:5      | Paralysed by Grinder for 3 turns
  4191 | D:5      | Killed Grinder
  4192 | D:5      | Reached XP level 8. HP: 6/72 MP: 8/8
  4538 | D:5      | Found an ornate altar of the Wu Jian Council.
  4538 | D:5      | Noticed Edmund
  4565 | D:5      | Killed Edmund
  4999 | D:5      | Found a runed translucent door.
  5000 | D:5      | Noticed Crazy Yiuf
  5008 | D:5      | Killed Crazy Yiuf
  5012 | D:5      | Identified the +8 hammer of the Median {spect, +Blink rC+}
  5463 | D:6      | Found a staircase to the Ecumenical Temple.
  5475 | D:6      | Reached skill level 6 in Fighting
  5477 | Temple   | Entered the Ecumenical Temple
  5484 | Temple   | Became a worshipper of Nemelex Xobeh the Trickster
  5706 | D:4      | Identified the +1 glaive of Darkness {venom, +Blink rF+ rC+
                  | Dex+3}
  6092 | D:6      | Reached skill level 1 in Throwing
  6362 | D:6      | Found a blossoming altar of Fedhas.
  6417 | D:6      | Reached * piety under Nemelex Xobeh
  6440 | D:6      | Found a hazy altar of Hepliaklqana.
  6644 | D:6      | Reached skill level 5 in Armour
  6648 | D:6      | Reached skill level 1 in Invocations
  6807 | D:7      | Reached XP level 9. HP: 68/80 MP: 10/12
  6928 | D:7      | Received a gift from Nemelex Xobeh
  6942 | D:7      | Reached skill level 5 in Invocations
  6967 | D:7      | Noticed Joseph
  6984 | D:7      | Killed Joseph
  7533 | D:7      | Found a white marble altar of Elyvilon.
  7690 | D:7      | Found a burning altar of Makhleb.
  7873 | D:7      | Noticed Prince Ribbit
  7878 | D:7      | Killed Prince Ribbit
  8115 | D:8      | Reached skill level 7 in Fighting
  8144 | D:8      | Reached ** piety under Nemelex Xobeh
  8227 | D:8      | Paralysed by a hornet for 3 turns
  8460 | D:8      | Noticed Pikel
  8467 | D:8      | Killed Pikel
  8468 | D:8      | Reached skill level 8 in Fighting
  8468 | D:8      | Reached XP level 10. HP: 78/94 MP: 16/16
  8840 | D:9      | Reached skill level 1 in Dodging
  9113 | D:9      | Reached skill level 9 in Fighting
  9126 | D:9      | Noticed an orange demon
  9523 | D:9      | Found Bopte Tye's General Store.
  9601 | D:9      | Noticed a lindwurm
  9616 | D:9      | Noticed a lindwurm
  9623 | D:9      | Noticed a lindwurm
  9996 | D:9      | Bought a scroll of identify for 26 gold pieces
 10026 | D:10     | Entered Level 10 of the Dungeon
 10190 | D:9      | Reached skill level 10 in Fighting
 10325 | D:9      | Noticed a lindwurm
 10385 | D:10     | Reached XP level 11. HP: 80/105 MP: 17/17
 10460 | D:10     | Received a gift from Nemelex Xobeh
 10538 | D:10     | Reached *** piety under Nemelex Xobeh
 10877 | D:10     | Identified a scroll of acquirement
 11067 | D:10     | Found a staircase to the Orcish Mines.
 11274 | D:11     | Received a gift from Nemelex Xobeh
 11326 | D:11     | Noticed Erolcha
 11340 | D:11     | Killed Erolcha
 11359 | D:11     | Reached skill level 10 in Maces & Flails
 11401 | D:11     | Noticed Maurice
 11405 | D:11     | Killed Maurice
 11482 | D:11     | Noticed a sixfirhy
 11485 | D:11     | Killed a sixfirhy
 11621 | D:11     | Reached skill level 11 in Fighting
 11728 | D:11     | Noticed a cyan ugly thing
 11731 | D:11     | Noticed a phantasmal warrior
 11792 | D:12     | Found a gate leading to a gauntlet.
 11796 | Gauntlet | Entered a Gauntlet
 11796 | Gauntlet | Found a transporter.
 11904 | Gauntlet | Found a transporter.
 11909 | Gauntlet | Found a transporter.
 11923 | Gauntlet | Noticed a necromancer
 11936 | Gauntlet | Found a transporter.
 11939 | Gauntlet | Found a transporter.
 11941 | Gauntlet | Noticed a cyan ugly thing
 11943 | Gauntlet | Noticed a red ugly thing
 11944 | Gauntlet | Noticed a glowing orange brain
 11948 | Gauntlet | Found a transporter.
 11964 | Gauntlet | Found a transporter.
 11971 | Gauntlet | Found a transporter.
 11977 | Gauntlet | Reached **** piety under Nemelex Xobeh
 11983 | Gauntlet | Noticed a balrug
 11984 | Gauntlet | Found a transporter.
 11998 | Gauntlet | Found a transporter.
 11998 | Gauntlet | Found a transporter.
 12012 | Gauntlet | Found a transporter.
 12025 | Gauntlet | Found a transporter.
 12063 | Gauntlet | Noticed a catoblepas
 12071 | Gauntlet | Found a transporter.
 12124 | Gauntlet | Identified the +1 pair of boots of Lifelessness {+Blink rF+
                  | rN++}
 12203 | Gauntlet | Killed a necromancer
 12272 | Gauntlet | Identified the +0 cloak "Ashaidd" {rN+}
 12279 | Gauntlet | Killed a glowing orange brain
 12280 | Gauntlet | Reached skill level 12 in Fighting
 12320 | Gauntlet | Identified the +7 morningstar of the Transmuting Rat
                  | {venom, *Slow Str+5}
 12320 | Gauntlet | Noticed a minotaur
 12397 | Gauntlet | Killed a minotaur
 12398 | Gauntlet | Reached XP level 12. HP: 60/119 MP: 18/18
 12535 | Gauntlet | Identified the +6 quarterstaff "Xioluon" {freeze, rPois rF+
                  | rN+ Str-5}
 12692 | D:11     | Received a gift from Nemelex Xobeh
 12819 | D:11     | Found a staircase to the Lair.
 13173 | D:11     | Noticed a death knight
 13182 | D:11     | Killed a death knight
 14040 | Lair:1   | Entered Level 1 of the Lair of Beasts
 14587 | Lair:1   | Reached skill level 10 in Invocations
 15537 | Lair:2   | Reached skill level 13 in Fighting
 15614 | Lair:2   | Received a gift from Nemelex Xobeh
 15667 | Lair:2   | Reached XP level 13. HP: 94/130 MP: 20/20
 16767 | D:1      | Bought a glowing plate armour for 624 gold pieces
 17086 | Lair:3   | Received a gift from Nemelex Xobeh
 17340 | Lair:3   | Reached ***** piety under Nemelex Xobeh
 17382 | Lair:3   | Reached skill level 14 in Fighting
 17477 | Lair:3   | Found a hole to the Spider Nest.
 17659 | Lair:2   | You fall into a shaft and drop 1 floor!
 17698 | Lair:3   | Upgraded the game from 0.30-a0-304-gdc4b735fe1 to
                  | 0.30-a0-305-g026cb31310
 17899 | Lair:3   | Found a staircase to the Shoals.
 18099 | Lair:3   | You fall into a shaft and drop 2 floors!
 18099 | Lair:5   | Entered Level 5 of the Lair of Beasts
 18702 | Lair:5   | Reached skill level 15 in Fighting
 19199 | Lair:5   | HP: 6/134 [polar bear (1)]
 19249 | Lair:5   | Received a gift from Nemelex Xobeh
 20180 | Lair:3   | Reached XP level 14. HP: 141/144 MP: 22/22
 20288 | Lair:3   | Identified the ring "Vuqoofer" {Wiz Dex+7}
 21347 | Lair:4   | Reached skill level 10 in Armour
 21853 | Lair:4   | Received a gift from Nemelex Xobeh
 22134 | Lair:5   | Reached skill level 5 in Dodging
 23155 | Lair:5   | Found a viscous altar of Jiyva.
 23156 | Lair:5   | Found a staircase to the Slime Pits.
 23479 | Lair:5   | Noticed knorpule3000's ghost (journeyman NaVM)
 23486 | Lair:5   | Found a transporter.
 23665 | Lair:5   | Found a bloodstained altar of Trog.
 23671 | Lair:5   | Found a transporter.
 23997 | Lair:5   | Identified the ring of Katoc {rF+ Stlth+}
 24158 | Lair:5   | Killed knorpule3000's ghost
 24164 | Lair:5   | Mangled by a spriggan rider

Illustrated notes

Levels and vault maps discovered:
D:1:      scummos_arrival_simple_fountains, layout_loops_ring, serial_shops,
          shop_fountains, minmay_heptomino_o4
D:2:      layout_loops_cross, serial_shops, nicolae_shop_crystal,
          minmay_misc_feat_alley, minmay_close_crescents
D:3:      layout_loops_ring, nicolae_sif_muna_little_library
D:4:      layout_rooms, serial_glass, glass_columns_c, glass_columns_b,
          lightli_ossuary_entry_decrepit_ruins, patterned_corridor
D:5:      layout_basic, nicolae_wu_jian_glorious_leap,
          nicolae_figureground_pulse, uniq_edmund, uniq_crazy_yiuf_cottage,
          uniq_grinder
D:6:      layout_cave_pools, fedhas_altar_decomposition,
          nicolae_hepliaklqana_hippocampus,
          minmay_temple_entry_drinking_statues, minmay_crystal_room,
          minmay_misc_feat_four_crosses
D:7:      layout_rooms, elyvilon_altar_3, makhleb_grotto_becter, st_stairs_14,
          uniq_prince_ribbit1, uniq_joseph
D:8:      layout_loops_ring, uniq_pikel
D:9:      layout_loops_ring, serial_shops, nicolae_shop_hallway_stairs,
          minmay_lindwurm_lava
D:10:     layout_loops_cross, orc_0_dummy, minivault_8
D:11:     minmay_general_purpose_star, layout_long_grid, lair_entry_dummy,
          serial_demonic, serial_demonic_g, serial_demonic_f, serial_demonic_f,
          serial_demonic_a, uniq_maurice, uniq_erolcha
D:12:     layout_roguey, gauntlet_entry_generic, uniq_nergalle
Temple:   nicolae_temple_bog_church
Lair:1:   layout_concentric_octagons, infiniplex_staircase_pool_2,
          lemuel_fruit_fields, lemuel_fruit_tree, serial_bayou_shore_a
Lair:2:   layout_regular_city, pond, grunt_megastairs_1
Lair:3:   nzn_winding_woodlands_cross [nzn_winding_woodlands_5x15_lazy_stream,
          nzn_winding_woodlands_5x15_sawtooth,
          nzn_winding_woodlands_5x15_parted, nzn_winding_woodlands_5x15_jagged,
          nzn_winding_woodlands_15x15_thick_spiral], layout_loops_ring,
          minmay_shoals_entry_beasts, spider_nest_entry_webs
Lair:4:   layout_loops_ring, chequers_serial_rivers_room_b, dpeg_oklob_1
Lair:5:   hangedman_lair_in_review, layout_concentric_octagons,
          minmay_slime_entry_pillars, gammafunk_ghost_wrathful_warriors,
          grunt_megastairs_5, infiniplex_staircase_pool

Skill      XL: |  1  2  3  4  5  6  7  8  9 10 11 12 13 14 |
---------------+-------------------------------------------+-----
Maces & Flails | 2 3 4 5 6 7 8 10 11 12 | 12.8
Fighting       | 4 5 6 8 10 12 13 15 | 15.0
Throwing       | 2 |  2.0
Armour         | 5 6 8 10 | 10.0
Invocations    | 4 8 10 11 12 | 12.0
Dodging        | 3 6 |  6.0
Shields        | 4 |  4.0

Action                   |  1- 3 |  4- 6 |  7- 9 | 10-12 | 13-15 || total
-------------------------+-------+-------+-------+-------+-------++-------
Melee: Flail             |   103 |   218 |   115 |       |       ||   436
       Tailslap          |     8 |    27 |    37 |    70 |   106 ||   248
       Mace              |       |       |   118 |   375 |   369 ||   862
       Morningstar       |       |       |       |       |    94 ||    94
Throw: Dart              |     5 |     9 |    10 |       |       ||    24
       Boomerang         |       |       |       |       |    13 ||    13
Invok: Draw Escape       |       |       |     1 |     4 |       ||     5
       Draw Destruction  |       |       |       |    15 |     9 ||    24
       Draw Summoning    |       |       |       |     2 |     3 ||     5
       Triple Draw       |       |       |       |     1 |       ||     1
 Abil: Evoke Blink       |       |       |       |     3 |       ||     3
Evoke: Wand              |       |       |     6 |     2 |     9 ||    17
       Condenser vane    |       |       |       |     1 |     2 ||     3
       Tin of tremorston |       |       |       |     2 |     3 ||     5
  Use: Scroll            |       |    12 |     7 |    11 |     3 ||    33
       Potion            |       |     1 |    12 |     4 |     8 ||    25
 Stab: Distracted        |       |       |       |     4 |     2 ||     6
       Petrified         |       |       |       |       |     7 ||     7
       Confused          |       |       |       |       |     2 ||     2
Armor: Scale mail        |    61 |    85 |    24 |       |       ||   170
       Ring mail         |       |       |    57 |   119 |       ||   176
       Skin              |       |       |    27 |       |       ||    27
       Crystal plate arm |       |       |       |    67 |   327 ||   394
Dodge: Dodged            |    43 |    48 |    76 |   123 |    92 ||   382
Block: Buckler           |    16 |    28 |    30 |    67 |    76 ||   217

Table legend: (Time is in decaauts)
 A = Elapsed time spent in this place.
 B = Non-inter-level travel time spent in this place.
 C = Inter-level travel time spent in this place.
 D = Time resting spent in this place.
 E = Time spent auto-exploring this place.
 F = Levels seen in this place.
 G = Mean time per level.
                   A        B        C        D        E       F      G
               +--------+--------+--------+--------+--------+-----+--------+
         Total |  24266 |  22502 |   1764 |   5296 |  12836 |  20 | 1213.3 |
       Dungeon |  13125 |  11850 |   1275 |   1994 |   7664 |  12 | 1093.8 |
        Temple |     14 |      8 |      6 |      0 |      0 |   1 |   14.0 |
          Lair |   9563 |   9081 |    482 |   2919 |   4634 |   5 | 1912.6 |
       Ossuary |    685 |    685 |      0 |    134 |    287 |   1 |  685.0 |
      Gauntlet |    877 |    877 |      0 |    249 |    251 |   1 |  877.0 |
               +--------+--------+--------+--------+--------+-----+--------+

Top non-repeatable levels by time:
  Lair:4: 2573 daAuts
  Lair:5: 2406 daAuts
  Lair:3: 1870 daAuts
     D:5: 1690 daAuts
    D:11: 1689 daAuts
  Lair:2: 1474 daAuts
     D:9: 1470 daAuts
    D:10: 1404 daAuts
     D:3: 1259 daAuts
  Lair:1: 1238 daAuts
     D:6: 1036 daAuts
     D:8: 967 daAuts
     D:7: 933 daAuts
     D:4: 916 daAuts
     D:2: 901 daAuts
